 Dungeon Crawl Stone Soup version 0.31-a0-1343-gcd514f47d3 (webtiles) character file.

Game seed: 7308918950860432453

135319 farilari the Bewitcher (level 16, -3/84 HPs)
             Began as a Spriggan Hunter on Dec 20, 2023.
             Was a High Priest of Qazlal.
             Slain by a +0 hand cannon (11 damage)
             ... on level 2 of the Elven Halls on Dec 22, 2023.
             The game lasted 02:14:02 (42300 turns).

farilari the Bewitcher (Spriggan Hunter)           Turns: 42300, Time: 02:14:03

Health: -3/84      AC: 15    Str:  7    XL:     16   Next: 64%
Magic:  1/30       EV: 20    Int: 19    God:    Qazlal [*****.]
Gold:   2875       SH:  7    Dex: 18    Spells: 9/33 levels left

rFire   + + .        b - +1 orcbow (freeze)
rCold   . . .        (shield currently unavailable)
rNeg    . . .        M - quicksilver dragon scales "Ali Jeum" {Rampage rC+ Will+}
rPois   .            (helmet restricted)
rElec   .            J - +2 cloak
rCorr   .            (gloves unavailable)
SInv    +            (boots unavailable)
Will    +++..        (no amulet)
Stlth   +            T - ring of fire
HPRegen 0.34/turn    q - ring of protection from fire
MPRegen 0.22/turn

%: repel missiles, rampage
@: hasted, very quick
A: very small, no large weapons, unfitting armour, see invisible, speed 3
a: Renounce Religion, Upheaval, Elemental Force, Disaster Area


You were on level 2 of the Elven Halls.
You worshipped Qazlal.
Qazlal was extremely pleased with you.
You visited 5 branches of the dungeon, and saw 25 of its levels.
You also visited: Bailey.

You collected 4795 gold pieces.
You spent 1920 gold pieces at shops.

Inventory:

Hand Weapons
 a - a +1 heavy orcbow
 b - a +1 orcbow of freezing (weapon)
 t - a +0 shortbow of draining
 P - a +0 arbalest
Missiles
 d - 4 curare-tipped darts
Armour
 c - a +0 troll leather armour
 e - +0 acid dragon scales
 i - +0 steam dragon scales
 J - a +2 cloak (worn)
 M - the quicksilver dragon scales "Ali Jeum" (worn) {Rampage rC+ Will+}
   (You bought it in a shop on level 6 of the Dungeon)

   rC+:       It protects you from cold.
   Will+:     It increases your willpower.
   Rampage:   It bestows one free step when moving towards enemies.
 V - a +2 robe of resistance
Jewellery
 o - a ring of willpower
 q - a ring of protection from fire (right hand)
 y - a +6 ring of intelligence
 B - a ring of ice
 D - a ring of protection from cold
 E - a ring of ice
 H - a ring of flight
 O - a ring of resist corrosion
 Q - a +5 ring of evasion
 T - a ring of fire (left hand)
Wands
 k - a wand of mindburst (2)
 x - a wand of iceblast (4)
 S - a wand of digging (4)
Scrolls
 j - a scroll of revelation
 m - a scroll of silence
 p - 4 scrolls of fog
 u - 4 scrolls of teleportation
 w - 4 scrolls of poison
 C - a scroll of identify
 N - 3 scrolls of vulnerability
Potions
 f - 2 potions of magic
 g - 4 potions of curing
 h - a potion of invisibility
 l - a potion of cancellation {unknown}
 n - 2 potions of heal wounds
 r - 4 potions of ambrosia
 s - 3 potions of berserk rage
 v - 5 potions of might {unknown}
 z - 9 potions of mutation
 A - 7 potions of brilliance {unknown}
 G - 5 potions of lignification {unknown}
 I - 3 potions of haste
 Y - 5 potions of enlightenment


   Skills:
 - Level 9.3 Fighting
 - Level 13.8 Ranged Weapons
 - Level 7.4 Armour
 - Level 10.5 Dodging
 - Level 5.0 Stealth
 - Level 9.2 Spellcasting
 * Level 15.5 Hexes
 + Level 4.1 Summonings
 - Level 6.1 Translocations
 - Level 8.9 Alchemy
 - Level 9.1 Invocations
 - Level 12.8 Evocations


You had 9 spell levels left.
You knew the following spells:

 Your Spells              Type           Power      Damage    Failure   Level
a - Apportation           Tloc           64%        N/A       1%          1
b - Blink                 Tloc           64%        N/A       2%          2
c - Inner Flame           Hex/Fire       55%        N/A       2%          3
d - Dimensional Bullseye  Hex/Tloc       24%        N/A       2%          4
e - Yara's Violent Unrav  Hex/Alch       26%        3d11      4%          5
f - Summon Mana Viper     Hex/Summ       46%        N/A       11%         5
g - Manifold Assault      Tloc           32%        N/A       19%         4

Your spell library contained the following spells:

 Spells                   Type           Power      Damage    Failure   Level
 Jinxbite                 Hex            100%       N/A       1%          2
 Tukima's Dance           Hex            61%        N/A       1%          3
 Lesser Beckoning         Tloc           64%        N/A       2%          2
 Dazzling Flash           Conj/Hex       76%        N/A       2%          3
 Sting                    Conj/Alch      100%       1d9       3%          1
 Summon Small Mammal      Summ           96%        N/A       4%          1
 Passwall                 Alch/Erth      20%        N/A       5%          2
 Call Imp                 Summ           48%        N/A       6%          2
 Cigotuvi's Dreadful Rot  Necr/Alch/Air  40%        N/A       10%         2
 Momentum Strike          Conj/Tloc      40%        3d9       10%         2
 Call Canine Familiar     Summ           24%        N/A       12%         3
 Mephitic Cloud           Conj/Alch/Air  20%        N/A       21%         3
 Magic Dart               Conj           32%        1d4       22%         1
 Necrotise                Necr           32%        1d5       22%         1
 Sandblast                Erth           16%        2d6       22%         1
 Metabolic Englaciation   Hex/Ice        19%        N/A       26%         5
 Silence                  Hex/Air        19%        N/A       26%         5
 Enfeeble                 Hex            30%        N/A       32%         7
 Ignite Poison            Fire/Alch      38%        N/A       34%         4
 Petrify                  Alch/Erth      25%        N/A       34%         4
 Iskenderun's Mystic Bla  Conj/Tloc      20%        2d6       54%         4
 Vhi's Electric Charge    Tloc/Air       40%        N/A       54%         4
 Fugue of the Fallen      Necr           8%         N/A       56%         3
 Ozocubu's Armour         Ice            8%         N/A       56%         3
 Stone Arrow              Conj/Erth      16%        3d8       56%         3
 Summon Ice Beast         Ice/Summ       16%        N/A       67%         4
 Brom's Barrelling Bould  Conj/Erth      8%         2d3       92%         4
 Dispersal                Tloc           16%        N/A       95%         6
 Agony                    Necr           8%         N/A       99%         5
 Arcjolt                  Conj/Air       4%         1d14      99%         5
 Freezing Cloud           Conj/Ice/Air   4%         6-21      99%         5
 Summon Cactus Giant      Summ           12%        N/A       99%         6
 Plasma Beam              Fire/Air       6%         2x1d17    100%        6
 Monstrous Menagerie      Summ           12%        N/A       100%        7
 Disjunction              Tloc           16%        N/A       100%        8


Dungeon Overview and Level Annotations

Branches:
Dungeon (15/15)            Temple (1/1) D:7            Lair (5/5) D:11
  Swamp (0/4) Lair:3       Spider (0/4) Lair:3        Slime (0/5) Lair:5
    Orc (2/2) D:9             Elf (2/3) Orc:2        Vaults (0/5) D:14
 Depths (0/4) D:15         Bailey (visited)

Altars:
Ashenzari
Cheibriados
Dithmenos
Elyvilon
Fedhas
Gozag
Hepliaklqana
Kikubaaqudgha
Makhleb
Nemelex Xobeh
Okawaru
Qazlal
Ru
Sif Muna
Trog
Uskayaw
Vehumet
Wu Jian
Xom
Yredelemnul
Zin
The Shining One
Jiyva
Lugonu

Shops:
D:6 [   D:7 *   D:10 (   Orc:1 :   Orc:2 !:(=   Elf:1 (

Portals:
Abyss: Lair:5

Annotations:
D:14 Roxanne
Lair:5 exclusion: 3 oklob plants
Elf:1 3 runed translucent doors
Elf:2 8 runed translucent doors


Innate Abilities, Weirdness & Mutations

You are very small and have problems with some larger weapons.
You are too small for most types of armour.
You have supernaturally acute eyesight. (SInv)
You cover ground extremely quickly. (Speed+++)


Message History

The +0 hand cannon completely resists.
You shoot an arrow.
The arrow barely misses the +0 hand cannon.
Your air elemental disappears in a puff of smoke!
Your fire elemental disappears in a puff of smoke!
Unknown command.
Unknown command.
You shoot an arrow.
The arrow hits the +0 hand cannon but does no damage.
The +0 hand cannon is heavily damaged.
The +0 hand cannon shoots a bolt.
The bolt completely misses you.
Unknown command.
You shoot an arrow.
The arrow barely misses the +0 hand cannon.
The +0 hand cannon shoots a bolt.
The bolt misses you.
Unknown command.
You shoot an arrow. The arrow hits the +0 hand cannon.
The +0 hand cannon is heavily damaged.
Your earth elemental disappears in a puff of smoke!
Unknown command.
The +0 hand cannon shoots a bolt.
You block the bolt.
You see here a +0 arbalest.
You feel as though your hastened speed will last longer.
You block the +0 hand cannon's attack.
Activating: Disaster Area (10% risk of failure)
Press: ? - help, Dir - look around, f - activate Nature churns violently around you!
The +0 hand cannon shoots a bolt.
The bolt barely misses you.
Unknown command.
Unknown command.
Activating: Elemental Force (1% risk of failure)
Press: ? - help, Dir - look around, f - activate Clouds arounds you coalesce and take form!
Unknown command.
Unknown command.
Unknown command.
You shoot an arrow. The arrow hits the +0 hand cannon.
The +0 hand cannon is severely damaged.
The +0 hand cannon hits you!
You die...

........)#...#..............
.........#...#........#.....
#######..#...#§.......# ...
#.)#...#........# .
#).#...#........#
#..#...#..#######
#..#...#°°# #..#...#°(#
#..#...#@E# #[)#...#.○#
#.†#...#..# #.)#>..#.)#
#..'...#..# #..#...#..#
#..#...#..# #..#...#.§#
#..#...#..#


You could see a +0 hand cannon (ally target) and a friendly water elemental
(summoned).

Vanquished Creatures
  Donald (Orc:2)
  An orc warlord (D:9)
  Louise (D:15)
  Azrael (D:12)
  A deep elf annihilator (Elf:2)
  Josephine (D:13)
  5 hydras
  A rakshasa (D:15)
  Erolcha (D:10)
  3 ogre magi (Orc:2)
  8 vault guards
  3 catoblepae
  9 boulder beetles
  5 centaur warriors
  6 dancing weapons
  A death knight (D:13)
  3 two-headed ogres
  A two-headed ogre (shapeshifter) (Elf:1)
  A vampire mage (D:14)
  A tengu warrior (D:14)
  5 deep elf knights
  3 thrashing horrors (Lair:5)
  An occultist (D:15)
  Nergalle (Orc:2)
  Sonja (Lair:1)
  9 skeletal warriors
  A spark wasp zombie (D:15)
  A glowing orange brain (shapeshifter) (Elf:1)
  3 deep elf archers
  2 arcanists
  A necromancer (D:15)
  Pikel (D:9)
  An orc knight (Bailey)
  17 deep elf zephyrmancers
  A wolf spider (D:13)
  7 orc sorcerers
  3 oklob plants
  4 manticores
  25 deep elf pyromancers
  Maurice (D:10)
  6 cyclopes
  8 ugly things
  A shining eye (shapeshifter) (Elf:1)
  5 elephants (Lair:3)
  4 kobold blastminers
  4 black mambas
  A cane toad (shapeshifter) (Elf:1)
  A black mamba (shapeshifter) (Lair:5)
  A smoke demon (Lair:5)
  Maggie (Lair:1)
  10 cane toads
  A gargoyle (D:11)
  7 komodo dragons
  A rime drake (Lair:4)
  2 tengu conjurers (D:15)
  8 kobold demonologists
  An efreet (D:14)
  A meliai (Lair:3)
  A troll (shapeshifter) (Lair:5)
  6 polar bears
  A queen bee (shapeshifter) (Elf:1)
  5 trolls
  3 meliai (shapeshifter)
  2 raiju (Lair:5)
  A spriggan zombie (D:15)
  5 dream sheep (Lair:3)
  22 blink frogs
  5 slime creatures
  A spriggan (Lair:5)
  2 water elementals
  2 spriggans (shapeshifter)
  A vampire (D:11)
  10 small abominations (Lair:5)
  A wyvern (shapeshifter) (Elf:2)
  3 ynoxinuls (Lair:5)
  9 wraiths
  43 yaks
  4 wyverns
  3 humans (D:14)
  A shadow (D:9)
  A basilisk (shapeshifter) (D:15)
  3 fire elementals
  3 wargs
  7 basilisks
  A steam dragon (Lair:2)
  10 vampire mosquitoes
  2 swamp worms (Lair:3)
  An acid dragon (shapeshifter) (D:14)
  5 acid dragons
  3 hell hounds
  10 water moccasins
  2 ice beasts
  A sky beast (D:6)
  3 black bears
  37 orc warriors
  5 boggarts (D:15)
  10 ogres
  14 wolves
  5 centaurs
  A lemure (D:9)
  4 phantoms
  2 kobold brigands
  15 bullfrogs
  A scorpion (D:6)
  2 earth elementals
  A water moccasin zombie (D:4)
  A hornet simulacrum (D:15)
  A water moccasin skeleton (D:4)
  13 wights
  25 killer bees
  7 electric eels
  3 howler monkeys
  2 lava snakes (D:10)
  10 hounds
  14 orc priests
  A centaur skeleton (D:4)
  A jelly (D:5)
  3 iguanas
  2 sleepcaps
  31 orc wizards
  2 scorpion zombies (D:4)
  3 hound zombies (D:4)
  A hound skeleton (D:4)
  14 adders
  10 gnolls
  4 shadow imps
  2 ufetubi (D:6)
  5 adder zombies (D:4)
  3 adder skeletons (D:4)
  A worm (D:4)
  2 dart slugs
  118 orcs
  4 bats
  8 endoplasms
  A giant cockroach (D:2)
  21 goblins
  17 hobgoblins
  4 jackals (D:3)
  12 kobolds
  2 quokkas
  2 training dummies (D:6)
  5 ball pythons
  3 frilled lizards
  A quokka zombie (D:4)
  2 rats (D:1)
846 creatures vanquished.

Vanquished Creatures (collateral kills)
  Frances (D:14)
  A boulder beetle (D:11)
  2 dancing weapons (Elf:2)
  A skeletal warrior (D:14)
  A deep elf pyromancer (Elf:2)
  A kobold demonologist (D:14)
  A yak (Lair:1)
  An orc warrior (Bailey)
9 creatures vanquished.

Vanquished Creatures (others)
  2 hydras (D:14)
  A vault guard (D:14)
  A centaur warrior (D:14)
  A deep elf knight (Elf:1)
  A skeletal warrior (D:14)
  2 yaks (Lair:1)
  3 orc wizards
11 creatures vanquished.

Grand Total: 866 creatures vanquished

Notes
Turn   | Place    | Note
-------+----------+-------------------------------------------
     0 | D:1      | farilari the Spriggan Hunter began the quest for the Orb.
     0 | D:1      | Reached XP level 1. HP: 10/10 MP: 2/2
   167 | D:1      | Reached XP level 2. HP: 15/15 MP: 3/3
   709 | D:1      | Reached XP level 3. HP: 13/18 MP: 4/4
   973 | D:2      | Found a blossoming altar of Fedhas.
  1082 | D:2      | Reached XP level 4. HP: 12/23 MP: 5/5
  1591 | D:3      | Reached skill level 5 in Ranged Weapons
  1803 | D:3      | Reached XP level 5. HP: 16/27 MP: 6/6
  2042 | D:4      | Found a hide-covered altar of Uskayaw.
  2161 | D:4      | Reached XP level 6. HP: 13/32 MP: 7/7
  2305 | D:4      | Noticed a water moccasin
  2399 | D:4      | Reached skill level 5 in Stealth
  2436 | D:4      | Found a sparkling altar of Nemelex Xobeh.
  2572 | D:4      | Reached skill level 5 in Dodging
  2584 | D:5      | Entered Level 5 of the Dungeon
  2672 | D:5      | Reached XP level 7. HP: 27/36 MP: 8/8
  3481 | D:6      | Found a basalt altar of Yredelemnul.
  3578 | D:6      | Found Dohogg's Antique Armour Shop.
  3613 | D:6      | Found a glowing silver altar of Zin.
  3772 | D:5      | Reached skill level 1 in Evocations
  3897 | D:5      | Reached XP level 8. HP: 42/42 MP: 9/9
  4392 | D:5      | Found a white marble altar of Elyvilon.
  4392 | D:5      | Found a burning altar of Makhleb.
  4397 | D:5      | Became a worshipper of Elyvilon the Healer
  5127 | D:7      | Reached * piety under Elyvilon
  6008 | D:7      | Reached XP level 9. HP: 46/46 MP: 10/10
  6231 | D:7      | Noticed a skeletal warrior
  6322 | D:7      | Found Ea-nāṣir's Fine Metal Goods.
  6831 | D:7      | Reached skill level 5 in Fighting
  6831 | D:7      | Reached skill level 5 in Evocations
  7166 | D:7      | Reached ** piety under Elyvilon
  7613 | D:7      | Found the +5 scythe "Finisher" {speed, execute}
  7875 | D:7      | Found a staircase to the Ecumenical Temple.
  7885 | Temple   | Entered the Ecumenical Temple
  7902 | Temple   | Fell from the grace of Elyvilon
  7902 | Temple   | Became a worshipper of Qazlal Stormbringer
  8461 | D:4      | Reached skill level 1 in Invocations
  8837 | D:8      | Noticed a two-headed ogre
  8907 | D:8      | Reached * piety under Qazlal
  9023 | D:8      | Found a shimmering blue altar of Sif Muna.
  9953 | D:8      | Reached skill level 10 in Ranged Weapons
 10305 | D:8      | Reached ** piety under Qazlal
 10395 | D:8      | Killed a two-headed ogre
 10396 | D:8      | Reached XP level 10. HP: 41/53 MP: 12/12
 10796 | D:9      | Found a flagged portal.
 10807 | Bailey   | Entered a bailey
 11113 | Bailey   | Acquired 709 gold pieces
 11326 | Bailey   | Noticed an orc knight
 11364 | Bailey   | Killed an orc knight
 11410 | Bailey   | Identified the +1 ring mail of the Sturgeon {rF+ Dex-3
                  | Slay+3}
 11425 | Bailey   | Found an iron altar of Okawaru.
 11430 | Bailey   | Reached *** piety under Qazlal
 11461 | Bailey   | Acquired 1069 gold pieces
 11557 | D:9      | Upgraded the game from 0.31-a0-1309-gbf3fed316f to
                  | 0.31-a0-1327-g8c40ea976f
 11572 | D:9      | Found a staircase to the Orcish Mines.
 11602 | D:9      | Reached skill level 10 in Dodging
 12053 | D:9      | Noticed Pikel
 12089 | D:9      | Killed Pikel
 12090 | D:9      | Reached XP level 11. HP: 44/58 MP: 15/15
 12319 | D:9      | Learned a level 5 spell: Yara's Violent Unravelling
 12653 | D:9      | Reached skill level 1 in Hexes
 13000 | D:6      | Bought shimmering quicksilver dragon scales for 1170 gold
                  | pieces
 13000 | D:6      | Identified the quicksilver dragon scales "Ali Jeum"
                  | {Rampage rC+ Will+} (You bought it in a shop on level 6 of
                  | the Dungeon)
 13092 | D:10     | Entered Level 10 of the Dungeon
 13105 | D:10     | Reached skill level 1 in Spellcasting
 13106 | D:10     | Found an iron altar of Okawaru.
 13388 | D:10     | Noticed Erolcha
 13401 | D:10     | Killed Erolcha
 13402 | D:10     | Reached skill level 2 in Hexes
 13402 | D:10     | Reached skill level 1 in Alchemy
 13471 | D:10     | Noticed Maurice
 13480 | D:10     | Killed Maurice
 13621 | D:10     | Found Yprekk's Antique Weapon Boutique.
 13773 | D:10     | Found a snail-covered altar of Cheibriados.
 13833 | D:10     | Reached **** piety under Qazlal
 14358 | D:11     | Noticed a boulder beetle
 14554 | D:11     | Reached skill level 3 in Hexes
 14560 | D:11     | Reached skill level 1 in Armour
 14758 | D:11     | Killed a boulder beetle
 14759 | D:11     | Reached skill level 5 in Invocations
 14934 | D:11     | Found a staircase to the Lair.
 14978 | D:11     | Reached skill level 4 in Hexes
 14996 | D:11     | Noticed a two-headed ogre
 15004 | D:11     | Killed a two-headed ogre
 15250 | D:11     | Noticed a brown ugly thing
 15289 | D:11     | Killed a brown ugly thing
 15838 | D:11     | Reached XP level 12. HP: 61/63 MP: 18/18
 15893 | D:11     | Reached ***** piety under Qazlal
 15894 | D:11     | Reached skill level 5 in Hexes
 16035 | D:12     | Noticed a boulder beetle
 16278 | D:12     | Noticed a boulder beetle
 16296 | D:11     | Killed a boulder beetle
 16345 | D:12     | Noticed a boulder beetle
 16345 | D:12     | Noticed a two-headed ogre
 16431 | D:11     | Killed a two-headed ogre
 16527 | D:11     | Killed a boulder beetle
 16528 | D:11     | Reached skill level 5 in Alchemy
 16641 | D:11     | Reached skill level 6 in Hexes
 16943 | D:12     | Noticed Azrael
 17239 | D:12     | Killed a boulder beetle
 17257 | D:12     | Found a white marble altar of Elyvilon.
 17476 | D:12     | Killed Azrael
 18071 | Lair:1   | Entered Level 1 of the Lair of Beasts
 18077 | Lair:1   | Noticed Sonja
 18118 | Lair:1   | Killed Sonja
 18119 | Lair:1   | Reached skill level 7 in Hexes
 18281 | Lair:1   | Noticed Maggie
 18288 | Lair:1   | Killed Maggie
 18324 | Lair:1   | Reached skill level 5 in Spellcasting
 18370 | Lair:1   | Noticed a catoblepas
 18472 | Lair:1   | Killed a catoblepas
 19099 | Lair:2   | Noticed a boulder beetle
 19139 | Lair:1   | Reached skill level 10 in Evocations
 19139 | Lair:1   | Reached XP level 13. HP: 50/67 MP: 21/21
 19751 | Lair:2   | Reached skill level 8 in Hexes
 20528 | Lair:3   | Reached ****** piety under Qazlal
 20532 | Lair:3   | Upgraded the game from 0.31-a0-1327-g8c40ea976f to
                  | 0.31-a0-1343-gcd514f47d3
 21527 | Lair:3   | Found a hole to the Spider Nest.
 21585 | Lair:3   | Reached skill level 9 in Hexes
 21936 | Lair:3   | Found a staircase to the Swamp.
 23631 | Lair:5   | Entered Level 5 of the Lair of Beasts
 23941 | Lair:5   | Reached XP level 14. HP: 65/73 MP: 25/25
 24103 | Lair:5   | Learned a level 1 spell: Apportation
 24108 | Lair:5   | Learned a level 4 spell: Manifold Assault
 24638 | Lair:5   | Found a viscous altar of Jiyva.
 25242 | Lair:5   | Reached skill level 10 in Hexes
 25813 | Lair:5   | Reached skill level 5 in Armour
 26117 | Lair:5   | Found a corrupted altar of Lugonu.
 26117 | Lair:5   | Found a one-way gate to the infinite horrors of the Abyss.
 26139 | Lair:5   | Got the Compendium of the Faeries and the Congregation
 26541 | Lair:5   | Found a staircase to the Slime Pits.
 26794 | Orc:1    | Entered Level 1 of the Orcish Mines
 27053 | Orc:1    | Found Goh Bopperch's Book Shoppe.
 27206 | Orc:1    | Noticed an orc warlord
 27364 | D:9      | Killed an orc warlord
 27674 | Orc:2    | Entered Level 2 of the Orcish Mines
 27674 | Orc:2    | Found a staircase to the Elven Halls.
 29107 | Orc:2    | Noticed Donald
 29133 | Orc:2    | Killed Donald
 29134 | Orc:2    | Reached skill level 11 in Hexes
 29134 | Orc:2    | Reached skill level 1 in Translocations
 29161 | Orc:2    | Found Liymu's Jewellery Shop.
 29505 | Orc:2    | Found an ancient bone altar of Kikubaaqudgha.
 29514 | Orc:2    | Noticed Nergalle
 29555 | Orc:2    | Killed Nergalle
 29602 | Orc:2    | Found Lovyudwy's Antique Weapon Boutique.
 29928 | Orc:2    | Found a radiant altar of Vehumet.
 29960 | Orc:2    | Found Bulah's Book Shop.
 29966 | Orc:2    | Found Quremu's Distillery.
 29976 | Orc:2    | Bought a potion of degeneration for 15 gold pieces
 29976 | Orc:2    | Bought a potion of enlightenment for 75 gold pieces
 29976 | Orc:2    | Bought a potion of haste for 150 gold pieces
 29976 | Orc:2    | Bought a potion of berserk rage for 75 gold pieces
 29976 | Orc:2    | Bought a potion of attraction for 45 gold pieces
 29976 | Orc:2    | Bought a potion of ambrosia for 120 gold pieces
 30869 | D:13     | Reached XP level 15. HP: 50/78 MP: 26/28
 31332 | D:14     | Noticed Frances
 31342 | D:14     | Killed Frances
 32941 | D:13     | Reached skill level 12 in Hexes
 33226 | D:14     | Identified the +0 plate armour of Spring {*Slow rPois Dex+5
                  | SInv}
 33656 | D:14     | Noticed Josephine
 33772 | D:13     | Killed Josephine
 33979 | D:14     | Learned a level 4 spell: Dimensional Bullseye
 33997 | D:14     | Found a gate to the Vaults.
 34063 | D:14     | Noticed Roxanne
 35111 | D:15     | Entered Level 15 of the Dungeon
 35300 | D:15     | Reached skill level 5 in Translocations
 35858 | D:15     | Noticed Louise
 35950 | D:15     | Killed Louise
 36310 | D:15     | Found a staircase to the Depths.
 37031 | Elf:1    | Entered Level 1 of the Elven Halls
 37441 | Orc:1    | Bought a book of Spatial Translocations for 270 gold pieces
 37444 | Orc:1    | Learned a level 2 spell: Blink
 37616 | Elf:1    | Reached XP level 16. HP: 84/84 MP: 30/30
 37661 | Elf:1    | Reached skill level 13 in Hexes
 37892 | Elf:1    | Learned a level 5 spell: Summon Mana Viper
 39132 | Elf:1    | Reached skill level 1 in Summonings
 39494 | Elf:1    | Found Vithrutorch's Weapon Shoppe.
 39932 | Elf:1    | Reached skill level 14 in Hexes
 40080 | Elf:1    | Found a runed translucent gate.
 40080 | Elf:1    | Found a runed translucent gate.
 40080 | Elf:1    | Found a runed translucent gate.
 40081 | Elf:1    | Noticed a tentacled monstrosity
 40081 | Elf:1    | Noticed a tentacled monstrosity
 40083 | Elf:1    | Noticed a tentacled monstrosity
 40476 | Elf:1    | Got Duocreug's Tractate on Underground Curses
 40482 | Elf:1    | Learned a level 3 spell: Inner Flame
 41418 | Elf:2    | Found a huge runed translucent gate.
 41419 | Elf:2    | Found a huge runed translucent gate.
 41419 | Elf:2    | Found a huge runed translucent gate.
 41419 | Elf:2    | Found a huge runed translucent gate.
 41419 | Elf:2    | Found a huge runed translucent gate.
 41419 | Elf:2    | Noticed a deep elf blademaster
 41420 | Elf:2    | Found a huge runed translucent gate.
 41421 | Elf:2    | Found a huge runed translucent gate.
 41421 | Elf:2    | Found a huge runed translucent gate.
 41425 | Elf:2    | Noticed a deep elf blademaster
 41702 | Elf:2    | Reached skill level 15 in Hexes
 42300 | Elf:2    | Slain by a +0 hand cannon

Illustrated notes

Levels and vault maps discovered:
D:1:      spicycebolla_arrival_transporter_tutorial, layout_loops_cross
D:2:      layout_rooms, serial_glass, glass_columns_c, glass_columns_b,
          basic_altar, minmay_tetromino_o4
D:3:      layout_basic
D:4:      black_bear_nest_1, layout_cave_pods, general_overflow_altar,
          nemelex_spade_bored_becter, serial_undead, serial_undead_c,
          serial_undead_d, serial_undead_c, serial_undead_f, serial_undead_f,
          serial_undead_a, serial_undead_c, serial_undead_d
D:5:      layout_basic, gammafunk_temple_overflow_statue
D:6:      dreamdust_elfheim, layout_basic, mainiacjoe_overflow_catch_the_wave,
          serial_shops, nicolae_shop_crystal
D:7:      layout_loops_corners, minmay_temple_entry_fiery,
          nicolae_ea-nasir_strikes_again, minmay_guarded_unrand_finisher
D:8:      layout_loops_corners, pf_just_have_faith, special_room
          [special_room_orc]
D:9:      layout_stronghold, david_orc_3, enter_bailey_5,
          kennysheep_small_circle, uniq_pikel
D:10:     layout_roguey, lemuel_tele_altar, kennysheep_slug_shrine,
          serial_shops, nicolae_shop_dealshenge, grunt_decor_junction,
          uniq_maurice, uniq_erolcha
D:11:     layout_basic, erik_lair_island, special_room [special_room_orc]
D:12:     layout_cave_pools, elyvilon_altar_4, uniq_azrael
D:13:     layout_grid_maze
D:14:     layout_loops_ring, ximxim_vaults_locker_room, minmay_misc_feat_rows,
          grunt_ministairs_8, nzn_random_ring, uniq_frances, uniq_roxanne,
          uniq_josephine
D:15:     gammafunk_depths_entry_grave, layout_loops_ring,
          chequers_serial_rivers_micro_d, dk_noncrumbling_2, uniq_louise
Temple:   cyrus_circular_temple
Lair:1:   layout_loops_ring, uniq_maggie, uniq_sonja
Lair:2:   layout_loops_ring, nicolae_quartered_pool_impasse,
          cheibrodos_lair_lostbears, serial_bayou_shore_a
Lair:3:   layout_gridlike, palyth_hydra_swamp_entry,
          hellmonk_spider_entry_not_the_bees, lemuel_fruit_tree,
          grunt_megastairs_4
Lair:4:   layout_layer_cave, chequers_serial_rivers_marsh
Lair:5:   hellmonk_lair_end_abyssal_woods, layout_regular_city,
          minmay_slime_entry_oklob_enclosed
Orc:1:    layout_caves, serial_shops, shop, mines3_lemuel
Orc:2:    kennysheep_orc_mage_school, layout_caves, uniq_donald
Elf:1:    eino_elf_arrival_the_gate, layout_geoelf_grid,
          ploomutoo_gammafunk_ghost_potion_laboratory, serial_shops,
          nicolae_shop_waterfront, nicolae_elf_shapeshifter_party,
          dreamdust_mushroom_princess
Elf:2:    elven_hall_of_blades_hangedman_alternative [nicolae_blade_bullseye],
          layout_onion_city, nicolae_elf_double_double_double_trouble

Skill      XL: |  1  2  3  4  5  6  7  8  9 10 11 12 13 14 15 16 |
---------------+-------------------------------------------------+-----
Stealth        | 2 3 4 5 |  5.0
Dodging        | 3 4 5 6 7 9 10 | 10.5
Fighting       | 2 3 4 5 6 7 8 9 |  9.3
Ranged Weapons | 5 6 7 8 10 11 12 13 | 13.8
Evocations     | 1 4 6 8 9 10 11 12 | 12.8
Invocations    | 2 4 5 6 7 8 9 |  9.1
Hexes          | 4 7 9 11 12 15 | 15.5
Spellcasting   | 3 5 6 8 9 |  9.2
Alchemy        | 4 6 8 |  8.9
Armour         | 1 3 4 6 7 |  7.4
Translocations | 2 5 6 |  6.1
Summonings     | 4 |  4.1

Action                     |  1- 3 |  4- 6 |  7- 9 | 10-12 | 13-15 | 16-18 || total
---------------------------+-------+-------+-------+-------+-------+-------++-------
   Fire: Shortbow          |    93 |   249 |   798 |  1287 |  1666 |       ||  4093
         Arbalest          |       |       |       |       |    41 |       ||    41
         Orcbow            |       |       |       |       |   849 |   504 ||  1353
   Cast: Apportation       |       |       |       |       |     6 |       ||     6
         Yara's Violent Un |       |       |       |       |     2 |     5 ||     7
         Dimensional Bulls |       |       |       |       |    14 |    12 ||    26
         Inner Flame       |       |       |       |       |       |    21 ||    21
         Summon Mana Viper |       |       |       |       |       |     3 ||     3
 Invoke: Disaster Area     |       |       |       |       |     5 |     1 ||     6
         Elemental Force   |       |       |       |       |       |     3 ||     3
         Upheaval          |       |       |       |       |       |     1 ||     1
  Evoke: Wand              |       |       |    10 |    22 |    13 |     2 ||    47
    Use: Scroll            |       |     5 |     9 |    10 |     9 |     2 ||    35
         Potion            |       |       |       |     1 |     6 |     9 ||    16
 Armour: Robe              |     8 |    50 |    98 |   172 |    82 |       ||   410
         Quicksilver drago |       |       |       |       |   524 |   162 ||   686
         Skin              |       |       |       |       |     1 |       ||     1
  Dodge: Dodged            |    31 |   100 |   328 |   563 |  1243 |   258 ||  2523
         Repelled          |       |       |       |     6 |    19 |    16 ||    41
  Block: Other             |       |       |     1 |   123 |   460 |    81 ||   665

Table legend: (Time is in decaauts)
 A = Elapsed time spent in this place.
 B = Non-inter-level travel time spent in this place.
 C = Inter-level travel time spent in this place.
 D = Time resting spent in this place.
 E = Time spent auto-exploring this place.
 F = Levels seen in this place.
 G = Mean time per level.
                   A        B        C        D        E       F      G
               +--------+--------+--------+--------+--------+-----+--------+
         Total |  33097 |  31066 |   2031 |   8774 |  13000 |  26 | 1273.0 |
       Dungeon |  19782 |  18148 |   1634 |   5086 |   7505 |  15 | 1318.8 |
        Temple |     16 |      3 |     13 |      0 |      0 |   1 |   16.0 |
          Lair |   6564 |   6335 |    229 |   1214 |   3475 |   5 | 1312.8 |
  Orcish Mines |   3042 |   2936 |    106 |   1500 |    476 |   2 | 1521.0 |
   Elven Halls |   3124 |   3076 |     48 |    857 |   1508 |   2 | 1562.0 |
        Bailey |    567 |    567 |      0 |    116 |     34 |   1 |  567.0 |
               +--------+--------+--------+--------+--------+-----+--------+

Top non-repeatable levels by time:
    D:11: 2377 daAuts
   Elf:1: 2309 daAuts
    D:14: 2243 daAuts
  Lair:5: 2195 daAuts
    D:13: 2190 daAuts
     D:9: 2002 daAuts
     D:7: 1950 daAuts
     D:6: 1891 daAuts
   Orc:2: 1836 daAuts
     D:8: 1553 daAuts
  Lair:4: 1374 daAuts
  Lair:3: 1280 daAuts
   Orc:1: 1206 daAuts
  Lair:1: 1082 daAuts
    D:15: 1062 daAuts
